 Dungeon Crawl Stone Soup version 0.21.1-1-g345015fe64 (webtiles) character file.

120304 Oravi the Black Belt (level 16, -6/158 HPs)
             Began as a Merfolk Transmuter on Apr 26, 2018.
             Was the Champion of Qazlal.
             Mangled by a sea snake (16 damage)
             ... on level 3 of the Shoals on Apr 27, 2018.
             The game lasted 04:15:43 (38515 turns).

Oravi the Black Belt (Merfolk Transmuter)          Turns: 38515, Time: 04:15:46

Health: -6/158     AC:  9    Str: 17    XL:     16   Next: 81%
Magic:  24/24      EV: 22    Int: 23    God:    Qazlal [******]
Gold:   1518       SH:  8    Dex: 15    Spells: 2/25 levels left

rFire    . . .     SeeInvis .     - Unarmed
rCold    . . .     Gourm    +   (shield currently unavailable)
rNeg     + . .     Faith    .   (armour currently unavailable)
rPois    +         Spirit   .   (helmet currently unavailable)
rElec    +         Reflect  .   (cloak currently unavailable)
rCorr    .         Harm     .   (gloves currently unavailable)
MR       +....                  (boots currently unavailable)
Stlth    +.........             Q - amulet of the gourmand
HPRegen  0.36/turn              J - +4 ring of evasion
MPRegen  0.19/turn              L - ring "Potwac" {Wiz rPois rN+ Str+2 Int+4}

@: mighty, about to teleport, hydra-form (expiring), protected from electricity,
repel missiles
A: very large, (change form in water), (swift swim), (stealthy swim)
a: End Transformation, Upheaval, Elemental Force, Disaster Area, Renounce
Religion


You were on level 3 of the Shoals.
You worshipped Qazlal.
Qazlal was exalted by your worship.
You were completely stuffed.
You were an eight-headed hydra.
You visited 5 branches of the dungeon, and saw 27 of its levels.
You also visited: Ice Cave.

You collected 2474 gold pieces.
You spent 956 gold pieces at shops.

Inventory:

Missiles
 r - 8 throwing nets (quivered)
 Z - 4 exploding tomahawks
Armour
 a - a +1 pair of boots (melded)
 c - a +1 pair of gloves (melded)
 o - a +2 cloak (melded)
 D - the +3 hat of Pondering (melded) {ponderous, MR+ MP+10 Int+5}
   (You took it off Gastronok on level 1 of the Orcish Mines)

   It affects your intelligence (+5).
   It affects your resistance to hostile enchantments.
   It affects your magic capacity (+10).
 G - a +3 leather armour of cold resistance (melded)
Magical Staves
 x - an uncursed staff of power
 P - an uncursed staff of cold (melded)
Jewellery
 j - an uncursed ring of positive energy
 C - an uncursed ring of see invisible
 I - a +3 ring of slaying
 J - a +4 ring of evasion (left foreclaw)
 L - the ring "Potwac" (right foreclaw) {Wiz rPois rN+ Str+2 Int+4}
   (You acquired it on level 15 of the Dungeon)

   [ring of wizardry]

   It improves your spell success rate.
   It affects your strength (+2).
   It affects your intelligence (+4).
   It protects you from poison.
   It protects you from negative energy.
 O - an uncursed ring of poison resistance
 Q - an amulet of the gourmand (around neck)
 R - an uncursed ring of protection from fire
 W - an uncursed ring of fire
 X - an uncursed ring of flight
 Y - a +2 amulet of reflection
Wands
 h - a wand of iceblast (15)
 s - a wand of flame (67)
 u - a wand of acid (12)
 A - a wand of paralysis (35)
 B - a wand of polymorph (27)
 K - a wand of random effects (15)
 M - a wand of enslavement (14)
 T - a wand of disintegration (18)
Scrolls
 e - 3 scrolls of identify
 g - 7 scrolls of teleportation
 i - 6 scrolls of fear
 k - 2 scrolls of blinking
 p - a scroll of enchant armour
 t - 11 scrolls of remove curse
 S - 2 scrolls of silence
 U - a scroll of fog
Potions
 b - a potion of magic
 f - 6 potions of resistance
 l - 8 potions of curing
 m - 5 potions of agility
 n - 2 potions of cancellation
 v - a potion of haste
 z - 3 potions of flight
 E - 2 potions of ambrosia
 F - 2 potions of mutation
 H - a potion of brilliance
 N - a potion of heal wounds
 V - 3 potions of might
Books
 w - a book of Unlife

   Spells                             Type                      Level
   a - Recall                         Summoning/Translocation      3
   b - Animate Dead                   Necromancy                   4
   c - Borgnjor's Vile Clutch         Necromancy/Earth             5
   d - Death Channel                  Necromancy                   6
   e - Simulacrum                     Ice/Necromancy               6
 y - a book of the Earth

   Spells                             Type                      Level
   a - Leda's Liquefaction            Hexes/Earth                  4
   b - Bolt of Magma                  Conjuration/Fire/Earth       5
   c - Statue Form                    Transmutation/Earth          6
   d - Iron Shot                      Conjuration/Earth            6
   e - Shatter                        Earth                        9
Comestibles
 d - 42 rations


   Skills:
 * Level 10.1 Fighting
 + Level 2.0 Armour
 * Level 16.4 Dodging
 + Level 17.7 Unarmed Combat
 + Level 5.4 Spellcasting
 * Level 4.3 Charms
 - Level 1.3 Translocations
 * Level 14.5 Transmutations
 * Level 8.0 Ice Magic
 - Level 4.0 Poison Magic
 * Level 10.1 Invocations
 + Level 4.6 Evocations


You had 2 spell levels left.
You knew the following spells:

 Your Spells              Type           Power        Failure   Level  Hunger
a - Blade Hands           Tmut           ######....   1%          5    #####..
b - Hydra Form            Tmut           ######....   1%          6    #######
c - Spider Form           Tmut/Pois      #####.....   1%          3    ##.....
d - Ice Form              Ice/Tmut       ######..     1%          4    ####...
e - Blink                 Tloc           N/A          3%          2    None
f - Ozocubu's Armour      Chrm/Ice       ####....     1%          3    ##.....


Dungeon Overview and Level Annotations

Branches:
Dungeon (15/15)            Temple (1/1) D:6            Lair (6/6) D:8
 Shoals (3/4) Lair:4       Spider (0/4) Lair:2        Slime (0/5) Lair:5
    Orc (2/2) D:9             Elf (0/3) Orc:2        Vaults (0/5) D:14
 Depths (0/5) D:15

Altars:
Ashenzari
Cheibriados
Dithmenos
Elyvilon
Fedhas
Gozag
Hepliaklqana
Kikubaaqudgha
Makhleb
Nemelex Xobeh
Okawaru
Qazlal
Ru
Sif Muna
Trog
Uskayaw
Vehumet
Wu Jian
Xom
Yredelemnul
Zin
The Shining One
Jiyva

Shops:
D:4 =   D:13 =   D:15 :   Orc:2 ?%*?   Shoals:2 *

Portals:
Trove: D:12 (show abyssal rune of Zot)

Annotations:
Lair:5 1 runed door, exclusion: oklob plant


Message History

* * * LOW HITPOINT WARNING * * *
Your resistance to physical damage fades away.
You feel protected from electricity.
You are electrocuted!
* * * LOW HITPOINT WARNING * * *
The sea snake bites you!
* * * LOW HITPOINT WARNING * * *
You feel much better.
The sea snake is engulfed in freezing vapours.
The sea snake seems to slow down.
You block the sea snake's attack.
The merfolk impaler hits you from afar with a demon trident of electrocution.
* * * LOW HITPOINT WARNING * * *
The sea snake completely misses you.
The sea snake is engulfed in freezing vapours.
The sea snake seems to slow down.
You block the sea snake's attack.
The merfolk impaler hits you from afar with a demon trident of electrocution!
* * * LOW HITPOINT WARNING * * *
The sea snake is engulfed in freezing vapours.
The sea snake bites you!
You die...

≈≈≈≈≈≈≈≈≈≈≈≈,,**...≈≈≈≈≈≈≈≈≈≈,,,≈
≈≈≈≈≈≈≈≈≈≈≈≈≈..#...≈≈≈≈≈≈≈≈≈≈,,,,
≈≈≈≈≈≈≈≈≈≈≈≈≈,.....≈≈≈≈≈≈≈≈≈,,**,
≈≈≈≈≈≈≈≈≈≈,,,,......≈≈≈≈≈≈≈≈,****
≈≈≈≈≈≈≈≈,,,,,,,...≈≈≈≈≈≈≈≈≈,,* *,
≈≈≈≈≈≈≈,,≈≈,***#..≈≈≈≈≈≈≈≈≈≈,***,
≈≈≈≈≈≈≈,≈.≈,* ##...≈≈≈≈≈≈≈≈≈,,,,≈
≈≈≈≈≈≈≈,≈...###§..≈≈≈≈≈≈≈≈≈≈≈≈≈≈≈
,≈≈≈≈≈≈≈(......§D.§≈≈≈≈≈≈≈≈≈≈≈≈≈≈
,,≈≈≈≈≈≈≈≈≈≈.(§S§S§≈≈≈≈≈≈≈≈≈≈≈≈≈≈
,,,≈≈≈≈≈≈≈≈....§)m≈≈≈≈≈≈≈≈≈≈≈≈≈≈≈
,,,,≈≈≈≈......?.≈≈§≈≈≈≈≈≈≈≈≈≈≈≈≈≈
*,,,,≈≈≈...≈≈≈..≈≈≈H≈≈≈≈≈≈..≈,,,,
**,,,,,,.#...≈≈≈≈≈≈≈)≈≈≈≈≈..,,,,,
,*,,,,,,,...(≈≈≈≈≈≈≈≈≈≈≈≈≈H.,,,,,
,,,,≈≈,,,.....≈≈≈≈≈≈≈≈≈≈≈≈..****,
*,,,,,,,,......≈≈..≈≈≈≈≈....* *,


You could see a merfolk impaler, 2 sea snakes and a manticore.

Vanquished Creatures
  Rupert (D:15)
  Gastronok (Orc:1)
  A frost giant (IceCv)
  Aizul (Shoals:2)
  An orc warlord (Orc:1)
  Azrael (D:12)
  The ghost of Thargor the Fighter, a journeyman MiFi of Okawaru (D:13)
  A merfolk impaler (Shoals:2)
  Josephine (D:13)
  Harold (Lair:2)
  Fannar (D:11)
  5 hydras
  A vault guard (D:12)
  2 ice dragons (D:15)
  A catoblepas (Lair:6)
  2 death knights (D:12)
  Erica (Orc:1)
  2 merfolk avatars (Shoals:1)
  8 two-headed ogres
  A centaur warrior (D:13)
  A merfolk aquamancer (Shoals:3)
  A deep troll shaman (Lair:6)
  13 death yaks
  5 orc high priests (Orc:2)
  Sonja (D:13)
  Nergalle (D:12)
  An iron troll (D:14)
  An unseen horror (D:9)
  6 sea snakes
  9 harpies
  Pikel (D:8)
  A phantasmal warrior (D:12)
  3 lindwurms
  8 orc knights
  2 fauns (Shoals:2)
  11 ugly things
  3 orc sorcerers
  6 cyclopes
  11 manticores
  12 elephants
  3 black mambas
  Maurice (D:12)
  2 ice statues (IceCv)
  5 merfolk sirens
  A molten gargoyle (Lair:3)
  5 water nymphs
  Psyche (D:8)
  Joseph (D:8)
  8 spiny frogs
  5 komodo dragons
  2 gargoyles
  A kobold demonologist (D:13)
  3 rime drakes
  2 freezing wraiths
  4 trolls
  A troll (shapeshifter) (D:15)
  3 wind drakes
  20 polar bears
  6 merfolk
  Prince Ribbit (D:9)
  3 hornets
  5 blink frogs (Lair:4)
  11 hippogriffs
  7 dream sheep (Lair:5)
  4 snapping turtles
  3 slime creatures
  A redback (Lair:2)
  Sigmund (D:6)
  A shadow (D:12)
  4 wyverns
  9 wraiths
  5 water elementals
  3 fire elementals (D:12)
  A steam dragon (D:11)
  2 basilisks
  27 yaks
  2 fire bats (Lair:3)
  A hungry ghost (D:12)
  Edmund (D:4)
  A warg (Orc:2)
  2 soldier ants (D:11)
  An acid dragon (D:15)
  8 water moccasins
  7 hell hounds
  24 orc warriors
  3 porcupines
  4 black bears
  3 ice beasts
  2 slaves
  2 phantoms
  6 necrophages
  4 sky beasts
  An eye of draining (D:6)
  10 ogres
  28 wolves
  6 centaurs
  4 crocodiles
  4 big kobolds
  12 bullfrogs
  A wyvern zombie (D:14)
  3 scorpions
  16 killer bees
  8 wights
  6 howler monkeys
  An electric eel (Lair:3)
  7 crimson imps
  5 centaur zombies
  A quasit (D:14)
  2 bullfrog zombies
  26 orc wizards
  28 orc priests
  2 centaur skeletons
  11 hounds
  3 bullfrog skeletons
  2 iguanas
  11 worker ants
  2 hound skeletons (D:4)
  A howler monkey zombie (D:11)
  2 worker ant zombies
  Robin (D:4)
  4 gnolls
  14 adders
  A howler monkey skeleton (D:6)
  5 shadow imps
  12 white imps (Lair:5)
  2 oozes
  3 adder skeletons
  3 worms
  2 dart slugs (D:1)
  4 leopard geckos
  99 orcs
  A ball python (D:3)
  8 giant cockroaches
  16 goblins
  9 hobgoblins
  5 jackals
  4 quokkas
  10 bats
  4 frilled lizards
  A jackal zombie (D:6)
  13 kobolds
  2 leopard gecko skeletons
  A quokka zombie (D:7)
  11 rats
  A plant (Shoals:2)
803 creatures vanquished.

Vanquished Creatures (others)
  A polar bear (IceCv)
  2 slaves (D:8)
  An orc wizard (D:4)
  An orc (Orc:1)
  11 fungi
  10 plants
  12 tentacles (Shoals:1)
38 creatures vanquished.

Grand Total: 841 creatures vanquished

Notes
Turn   | Place    | Note
-------+----------+-------------------------------------------
     0 | D:1      | Oravi the Merfolk Transmuter began the quest for the Orb.
     0 | D:1      | Reached XP level 1. HP: 15/15 MP: 3/3
   108 | D:1      | Reached XP level 2. HP: 21/21 MP: 3/5
   499 | D:2      | Reached XP level 3. HP: 26/26 MP: 4/6
   503 | D:2      | Learned a level 2 spell: Sticks to Snakes
   507 | D:2      | Learned a level 3 spell: Spider Form
   679 | D:2      | Reached skill level 4 in Unarmed Combat
   690 | D:2      | Found an iron altar of Okawaru.
   795 | D:2      | Reached XP level 4. HP: 23/32 MP: 4/7
  1308 | D:3      | Reached skill level 1 in Poison Magic
  1576 | D:3      | Found a sacrificial altar of Ru.
  1833 | D:3      | Reached XP level 5. HP: 28/37 MP: 4/8
  2099 | D:3      | Reached skill level 5 in Transmutations
  2427 | D:3      | Found a hazy altar of Hepliaklqana.
  2611 | D:3      | Reached XP level 6. HP: 43/43 MP: 6/9
  2909 | D:4      | Reached skill level 5 in Unarmed Combat
  2943 | D:4      | Reached XP level 7. HP: 40/48 MP: 6/10
  3177 | D:4      | Learned a level 4 spell: Ice Form
  3230 | D:4      | Found Latutsus's Jewellery Emporium.
  3395 | D:4      | Found a stormy altar of Qazlal.
  3401 | D:4      | Became a worshipper of Qazlal Stormbringer
  3483 | D:4      | Reached skill level 6 in Unarmed Combat
  3544 | D:4      | Noticed Robin
  3546 | D:4      | Noticed Edmund
  3573 | D:4      | Killed Robin
  3862 | D:4      | Reached skill level 1 in Ice Magic
  4031 | D:5      | Entered Level 5 of the Dungeon
  4153 | D:4      | Reached XP level 8. HP: 24/56 MP: 8/11
  4382 | D:5      | Reached * piety under Qazlal
  4388 | D:5      | Reached skill level 5 in Dodging
  4435 | D:5      | Noticed a moth of wrath
  4607 | D:5      | Found a blossoming altar of Fedhas.
  4955 | D:5      | Found a bloodstained altar of Trog.
  5391 | D:4      | Killed Edmund
  5707 | D:6      | Reached skill level 7 in Unarmed Combat
  6165 | D:6      | Reached skill level 8 in Unarmed Combat
  6173 | D:6      | Reached XP level 9. HP: 28/61 MP: 8/12
  6177 | D:6      | Found a staircase to the Ecumenical Temple.
  6178 | D:6      | Reached ** piety under Qazlal
  6386 | Temple   | Entered the Ecumenical Temple
  6914 | D:6      | Noticed Sigmund
  6933 | D:6      | Killed Sigmund
  7527 | D:7      | Found a hide-covered altar of Uskayaw.
  7527 | D:7      | Found a shadowy altar of Dithmenos.
  7650 | D:7      | Reached skill level 9 in Unarmed Combat
  7858 | D:7      | Reached *** piety under Qazlal
  8030 | D:7      | Found an ancient bone altar of Kikubaaqudgha.
  8737 | D:8      | Noticed a two-headed ogre
  8816 | D:8      | Noticed a two-headed ogre
  8907 | D:7      | Killed a two-headed ogre
  8937 | D:8      | Reached skill level 10 in Unarmed Combat
  9012 | D:8      | Reached skill level 10 in Transmutations
  9012 | D:8      | Reached XP level 10. HP: 55/68 MP: 11/13
  9051 | D:8      | Noticed Psyche
  9057 | D:8      | Noticed Joseph
  9060 | D:9      | Noticed Prince Ribbit
  9070 | D:9      | Killed Prince Ribbit
  9321 | D:9      | Noticed a two-headed ogre
  9339 | D:9      | Killed a two-headed ogre
  9748 | D:4      | Bought an uncursed ring of see invisible for 195 gold pieces
  9903 | D:8      | Noticed Pikel
  9912 | D:8      | Killed Psyche
 10201 | D:8      | Found a sparkling altar of Nemelex Xobeh.
 10261 | D:8      | Found an opulent altar of Gozag.
 10320 | D:8      | Killed Pikel
 10320 | D:8      | Reached skill level 11 in Unarmed Combat
 10354 | D:8      | Found a staircase to the Lair.
 10365 | D:8      | Reached skill level 5 in Ice Magic
 10902 | D:8      | Killed Joseph
 11081 | D:8      | Reached skill level 1 in Invocations
 11300 | D:8      | Found a burning altar of Makhleb.
 11300 | D:8      | Found a radiant altar of Vehumet.
 11340 | D:8      | Killed a two-headed ogre
 11340 | D:8      | Reached XP level 11. HP: 74/74 MP: 11/14
 11347 | D:8      | Learned a level 5 spell: Blade Hands
 11447 | D:9      | Noticed an unseen horror
 11458 | D:9      | Killed an unseen horror
 11516 | D:9      | Found a bloodstained altar of Trog.
 11517 | D:9      | Got an iridescent trident
 11529 | D:9      | Noticed a two-headed ogre
 11537 | D:9      | Killed a two-headed ogre
 11758 | D:9      | Found a staircase to the Orcish Mines.
 11823 | D:10     | Entered Level 10 of the Dungeon
 12224 | D:10     | Noticed a two-headed ogre
 12234 | D:10     | Killed a two-headed ogre
 12234 | D:10     | Reached skill level 10 in Dodging
 12240 | D:10     | Reached skill level 12 in Unarmed Combat
 12245 | D:10     | Reached **** piety under Qazlal
 12626 | D:10     | Identified a scroll of acquirement
 13451 | D:11     | Noticed a manticore
 13457 | D:11     | Noticed a cyan ugly thing
 13947 | D:11     | Killed a manticore
 14478 | D:11     | Reached ***** piety under Qazlal
 14481 | D:11     | Noticed a two-headed ogre
 14508 | D:11     | Killed a two-headed ogre
 14508 | D:11     | Reached XP level 12. HP: 63/83 MP: 15/15
 14891 | D:11     | Noticed Fannar
 14911 | D:11     | Killed Fannar
 15143 | D:12     | Noticed Maurice
 15153 | D:12     | Killed Maurice
 15189 | D:12     | Reached skill level 13 in Unarmed Combat
 15196 | D:12     | Noticed Azrael
 15600 | D:12     | Noticed a death knight
 15725 | D:12     | Noticed Nergalle
 15734 | D:12     | Killed Nergalle
 15764 | D:12     | Noticed a death knight
 16157 | D:12     | Noticed a vault guard
 16168 | D:12     | Killed a vault guard
 16320 | D:12     | Reached skill level 5 in Invocations
 16471 | D:12     | Killed a death knight
 16471 | D:12     | Reached skill level 5 in Fighting
 17478 | D:12     | Killed Azrael
 17749 | D:12     | Found a portal to a secret trove of treasure.
 17819 | D:13     | Noticed a two-headed ogre
 17831 | D:13     | Killed a two-headed ogre
 17907 | D:13     | Noticed Sonja
 17938 | D:13     | Killed Sonja
 17938 | D:13     | Reached XP level 13. HP: 93/93 MP: 12/17
 17980 | D:13     | Reached skill level 14 in Unarmed Combat
 17998 | D:13     | Found Vumimaz's Jewellery Shop.
 18297 | D:13     | Noticed Josephine
 18297 | D:13     | Noticed Thargor's ghost (journeyman MiFi)
 18750 | Lair:1   | Entered Level 1 of the Lair of Beasts
 19549 | Lair:1   | Got a twisted chain mail
 19561 | Lair:1   | Identified the cursed +1 chain mail of Rowac {rF+} (You found it on level 1 of the Lair of Beasts)
 19725 | Lair:2   | Noticed Harold
 19745 | Lair:2   | Killed Harold
 19803 | Lair:2   | Found a hole to the Spider Nest.
 21696 | Lair:3   | Reached skill level 15 in Unarmed Combat
 23132 | Lair:4   | Reached XP level 14. HP: 103/103 MP: 14/19
 23494 | Lair:4   | Found a staircase to the Shoals.
 24091 | Lair:5   | Found a frozen archway.
 24123 | IceCv    | Entered an ice cave
 24169 | IceCv    | Reached skill level 1 in Evocations
 24483 | IceCv    | Noticed a frost giant
 24505 | IceCv    | Killed a frost giant
 25098 | IceCv    | Got a warped great mace
 25392 | Lair:5   | Found a runed door.
 25393 | Lair:5   | Found a viscous altar of Jiyva.
 25398 | Lair:5   | Found a staircase to the Slime Pits.
 25613 | Lair:5   | Found a bloodstained altar of Trog.
 25781 | Lair:6   | Entered Level 6 of the Lair of Beasts
 26117 | Lair:6   | Reached skill level 16 in Unarmed Combat
 27612 | Lair:6   | Reached skill level 15 in Dodging
 27637 | Lair:6   | Reached XP level 15. HP: 79/112 MP: 21/21
 28165 | Lair:6   | Reached ****** piety under Qazlal
 28165 | Lair:6   | Reached skill level 1 in Armour
 28180 | Lair:6   | Got a steaming diamond amulet
 28330 | Lair:6   | Identified the amulet "Pohanew" {Faith Fragile rPois rF+ rC++} (You found it on level 6 of the Lair of Beasts)
 28500 | D:8      | Learned a level 2 spell: Blink
 28874 | D:13     | Killed Josephine
 29142 | D:13     | Killed Thargor's ghost
 30120 | D:14     | Reached skill level 1 in Translocations
 31040 | D:14     | Found a gate to the Vaults.
 31088 | D:15     | Entered Level 15 of the Dungeon
 31209 | D:15     | Found Zucol Rowy's Book Shoppe.
 31266 | D:15     | Noticed Rupert
 31629 | D:15     | Found a shattered altar of Ashenzari.
 31689 | D:15     | Got a transparent pewter ring
 31690 | D:15     | Identified the ring "Potwac" {Wiz rPois rN+ Str+2 Int+4} (You acquired it on level 15 of the Dungeon)
 32361 | D:14     | Learned a level 3 spell: Ozocubu's Armour
 32474 | D:15     | Killed Rupert
 33282 | D:15     | Reached skill level 17 in Unarmed Combat
 33419 | D:15     | Found a staircase to the Depths.
 33473 | D:15     | Reached skill level 1 in Charms
 33843 | D:15     | Bought a book of Transfigurations for 715 gold pieces
 33850 | D:15     | Learned a level 6 spell: Hydra Form
 33978 | Orc:1    | Entered Level 1 of the Orcish Mines
 34242 | Orc:2    | Entered Level 2 of the Orcish Mines
 34249 | Orc:2    | Noticed an orc warlord
 34606 | Orc:1    | Killed an orc warlord
 34694 | Orc:2    | Found a bloodstained altar of Trog.
 34893 | Orc:2    | Found a staircase to the Elven Halls.
 35039 | Orc:1    | Noticed Gastronok
 35089 | Orc:1    | Killed Gastronok
 35089 | Orc:1    | Reached XP level 16. HP: 120/120 MP: 3/23
 35821 | Orc:2    | Found Kiybrih's Magic Scroll Shop.
 35824 | Orc:2    | Found Plog's Magic Scroll Shop.
 35825 | Orc:2    | Found Dim Vooclia's Food Shop.
 35826 | Orc:2    | Found Yrezudwe's Assorted Antiques.
 35832 | Orc:2    | Bought a scroll labeled MEUQAM SOKYPNO for 23 gold pieces
 35832 | Orc:2    | Bought a scroll labeled EPHOACK MOADA for 23 gold pieces
 35941 | Orc:1    | Noticed Erica
 35951 | Orc:1    | Killed Erica
 36248 | Shoals:1 | Entered Level 1 of the Shoals
 36261 | Shoals:1 | Reached skill level 5 in Spellcasting
 36418 | Shoals:1 | Noticed a kraken
 37347 | Shoals:2 | Found Aakias's Alliterative Accessories.
 37410 | Shoals:2 | Noticed Aizul
 37428 | Shoals:2 | Killed Aizul
 37428 | Shoals:2 | Reached skill level 10 in Invocations
 37647 | Shoals:2 | Reached skill level 10 in Fighting
 38513 | Shoals:3 | HP: 1/158 [sea snake (11)]
 38515 | Shoals:3 | Mangled by a sea snake

Skill      XL: |  1  2  3  4  5  6  7  8  9 10 11 12 13 14 15 16 |
---------------+-------------------------------------------------+-----
Transmutations | 3 4 5 6 7 10 11 12 13 14 | 14.5
Unarmed Combat | 4 5 6 8 10 11 12 13 15 16 17 | 17.7
Dodging        | 3 4 5 6 9 11 12 13 15 16 | 16.4
Poison Magic   | 1 2 3 4 |  4.0
Ice Magic      | 1 2 3 5 6 7 8 |  8.0
Fighting       | 2 3 5 7 8 9 10 | 10.1
Invocations    | 1 3 5 7 8 9 10 | 10.1
Spellcasting   | 3 4 5 |  5.4
Evocations     | 3 4 |  4.6
Armour         | 1 2 |  2.0
Translocations | 1 |  1.3
Charms         | 1 4 |  4.3

Action                   |  1- 3 |  4- 6 |  7- 9 | 10-12 | 13-15 | 16-18 || total
-------------------------+-------+-------+-------+-------+-------+-------++-------
Melee: Unarmed           |    60 |   143 |   361 |   610 |  1050 |   316 ||  2540
       Headbutt          |     9 |     1 |       |       |       |       ||    10
       Punch             |     1 |       |       |     1 |    10 |     1 ||    13
       Staff             |       |       |       |       |     3 |     2 ||     5
 Cast: Beastly Appendage |    11 |     1 |       |       |       |       ||    12
       Spider Form       |     6 |    25 |    52 |    49 |    16 |     1 ||   149
       Sticks to Snakes  |       |       |     5 |       |       |       ||     5
       Ice Form          |       |       |       |    10 |    51 |     9 ||    70
       Blade Hands       |       |       |       |     6 |    12 |     2 ||    20
       Ozocubu's Armour  |       |       |       |       |    12 |    17 ||    29
       Hydra Form        |       |       |       |       |     9 |     7 ||    16
       Blink             |       |       |       |       |     1 |     1 ||     2
Invok: Upheaval          |       |       |       |     8 |     9 |       ||    17
 Abil: End Transformatio |       |       |       |     3 |     8 |     2 ||    13
  Use: Scroll            |       |       |    12 |    13 |    21 |    11 ||    57
       Potion            |       |       |     1 |     5 |     3 |     7 ||    16
 Stab: Sleeping          |       |     1 |     3 |       |       |       ||     4
  Eat: Chunk             |     1 |     6 |    27 |    21 |    86 |    10 ||   151
       Ration            |       |     1 |       |     5 |     1 |       ||     7
Armor: Robe              |    10 |     1 |     4 |     7 |       |       ||    22
       Skin              |     2 |     4 |    10 |    43 |    92 |    63 ||   214
       Leather armour    |       |       |       |     5 |    26 |     3 ||    34
Dodge: Dodged            |    78 |   114 |   269 |   481 |   811 |   263 ||  2016
       Deflected         |       |       |       |     7 |    16 |    21 ||    44
Block: Other             |       |       |    13 |   110 |   276 |   129 ||   528
